 Dungeon Crawl Stone Soup version 0.30-a0-757-ga6a79fd877 (webtiles) character file.

Game seed: 5381471651845000813

62 sircluck the Shield-Bearer (level 3, -4/36 HPs)
             Began as a Troll Fighter on Feb 9, 2023.
             Killed from afar by Grinder (9 damage)
             ... with a bolt of dispelling energy
             ... on level 3 of the Dungeon.
             The game lasted 00:02:30 (1656 turns).

sircluck the Shield-Bearer (Troll Fighter)          Turns: 1656, Time: 00:02:30

Health: -4/36      AC:  4    Str: 26    XL:     3   Next: 85%
Magic:  2/2        EV:  9    Int:  4    God:
Gold:   115        SH:  7    Dex:  9    Spells: 2/2 levels left

rFire   . . .      SeeInvis .      - Unarmed
rCold   . . .      Faith    .    b - +0 kite shield
rNeg    . . .      Spirit   .    a - +0 robe
rPois   .          Reflect  .    (helmet restricted)
rElec   .          Harm     .    (no cloak)
rCorr   .          Rampage  .    (gloves unavailable)
Will    .....                    (boots unavailable)
Stlth   +                        (no amulet)
HPRegen 1.06/turn                (no ring)
MPRegen 0.08/turn                (no ring)

@: no status effects
A: large, unfitting armour, claws 3, regeneration 1, shaggy fur 1, tough skin 1
a: no special abilities


You were on level 3 of the Dungeon.
You visited 1 branch of the dungeon, and saw 3 of its levels.

You collected 115 gold pieces.

Inventory:

Missiles
 e - 12 stones (quivered)
 g - 6 poisoned darts
Armour
 a - a +0 robe (worn)
 b - a +0 kite shield (worn)
Jewellery
 l - a ring of see invisible
 n - a +5 ring of evasion
Scrolls
 f - 2 scrolls of teleportation {unknown}
 i - a scroll of poison {unknown}
 j - a scroll of magic mapping {unknown}
 k - 2 scrolls of vulnerability {unknown}
Potions
 c - 2 potions of might
 d - 4 potions of flight {unknown}
 h - a potion of curing {unknown}
 m - a potion of resistance {unknown}
 o - a potion of heal wounds {unknown}


   Skills:
 + Level 2.6 Fighting
 + Level 3.1 Dodging
 + Level 3.2 Shields
 + Level 2.6 Unarmed Combat


You had 2 spell levels left.
You didn't know any spells.
Your spell library contained the following spells:

 Spells                   Type           Power      Damage    Failure   Level
 Slow                     Hex            0%         N/A       80%         1
 Blink                    Tloc           0%         N/A       90%         2
 Confusing Touch          Hex            0%         N/A       99%         3
 Ignite Poison            Fire/Tmut/Pois 0%         N/A       99%         3
 Kindle Blastsparks       Fire/Tloc/Air  0%         2d10      99%         3
 Vampiric Draining        Necr           0%         2d6       99%         3
 Manifold Assault         Tloc           0%         N/A       100%        4
 Freezing Cloud           Conj/Ice/Air   0%         6-21      100%        5
 Storm Form               Tmut/Air       0%         N/A       100%        7


Dungeon Overview and Level Annotations

Branches:
Dungeon (3/15)

Altars:

Shops:
D:1 [

Annotations:
D:3 Grinder


Innate Abilities, Weirdness & Mutations

You are too large for most types of armour.
You have claws for hands.
Your natural rate of healing is unusually fast.
You are covered in fur. (AC +1)
You have tough skin. (AC +1)


Message History

Grinder closely misses you.
You barely miss Grinder.
Grinder is heavily wounded.
Grinder hits you.
You writhe in agony.
You barely miss Grinder.
Grinder is heavily wounded.
Grinder hits you but does no damage.
You barely miss Grinder.
Grinder is heavily wounded.
Grinder zaps a wand.
The bolt of dispelling energy hits you!
* * * LOW HITPOINT WARNING * * *
You are too injured to fight recklessly!
You are too injured to fight recklessly!
You are too injured to fight recklessly!
You are too injured to fight recklessly!
You are too injured to fight recklessly!
You are too injured to fight recklessly!
You are too injured to fight recklessly!
You are too injured to fight recklessly!
You are too injured to fight recklessly!
You are too injured to fight recklessly!
You are too injured to fight recklessly!
You are too injured to fight recklessly!
You are too injured to fight recklessly!
You are too injured to fight recklessly!
You are too injured to fight recklessly!
You are too injured to fight recklessly!
You are too injured to fight recklessly!
You barely miss Grinder.
Grinder is heavily wounded.
Grinder hits you.
* * * LOW HITPOINT WARNING * * *
You scratch Grinder.
Grinder is heavily wounded.
Grinder zaps a wand.
The bolt of dispelling energy misses you.
You claw Grinder!
Grinder is severely wounded.
Grinder zaps a wand.
The bolt of dispelling energy hits you!
You die...

... ..##
(####.####...#
.............#
#.#......)..#
........<...#
##.....$...#
#.....)...#
#......†..####
#...@.....[..#
#..5....<.....
#..)..........
##............
##...........
####........
#........
#........


You could see Grinder.

Vanquished Creatures
  An adder (D:2)
  2 dart slugs
  An orc (D:3)
  2 endoplasms (D:2)
  A giant cockroach (D:1)
  9 goblins
  6 hobgoblins
  4 kobolds
  3 quokkas
  6 ball pythons
  5 bats
  A frilled lizard (D:1)
  3 rats
44 creatures vanquished.

Notes
Turn   | Place    | Note
-------+----------+-------------------------------------------
     0 | D:1      | sircluck the Troll Fighter began the quest for the Orb.
     0 | D:1      | Reached XP level 1. HP: 22/22 MP: 0/0
   209 | D:1      | Found Cytwur's Antique Armour Boutique.
   303 | D:1      | Reached XP level 2. HP: 29/29 MP: 1/1
   959 | D:2      | Reached XP level 3. HP: 16/36 MP: 2/2
  1629 | D:3      | Noticed Grinder
  1631 | D:3      | Paralysed by Grinder for 4 turns
  1656 | D:3      | Killed from afar by Grinder

Illustrated notes

Levels and vault maps discovered:
D:1:      spicycebolla_arrival_xxxplode, layout_basic, serial_shops, shop
D:2:      layout_loops_cross
D:3:      layout_rooms, nicolae_tso_swordbearing_angel, old_standard_altar,
          portal_sewer_entry_d, ebering_ghost_gozag, uniq_grinder

Skill      XL: |  1  2  3 |
---------------+----------+-----
Shields        | 3 |  3.2
Dodging        | 3 |  3.1
Fighting       | |  2.6
Unarmed Combat | |  2.6

Action                     || total
---------------------------++-------
  Melee: Unarmed           ||   134
 Armour: Robe              ||    53
  Dodge: Dodged            ||    44
  Block: Kite shield       ||    42

Table legend: (Time is in decaauts)
 A = Elapsed time spent in this place.
 B = Non-inter-level travel time spent in this place.
 C = Inter-level travel time spent in this place.
 D = Time resting spent in this place.
 E = Time spent auto-exploring this place.
 F = Levels seen in this place.
 G = Mean time per level.
                   A        B        C        D        E       F      G
               +--------+--------+--------+--------+--------+-----+--------+
         Total |   1669 |   1469 |    200 |      0 |   1178 |   3 |  556.3 |
       Dungeon |   1669 |   1469 |    200 |      0 |   1178 |   3 |  556.3 |
               +--------+--------+--------+--------+--------+-----+--------+

Top non-repeatable levels by time:
     D:1: 936 daAuts
     D:2: 696 daAuts
     D:3: 36 daAuts
